 Dungeon Crawl Stone Soup version 0.14.2 (webtiles) character file.

132 EmikaRules the Chiller (level 4, 21/32 HPs)
             Began as a Human Ice Elementalist on Oct 30, 2016.
             Was an Initiate of Elyvilon.
             Quit the game on Level 3 of the Dungeon.
             The game lasted 00:06:37 (530 turns).

EmikaRules the Chiller (Human Ice Elementalist)      Turns: 530, Time: 00:06:37

HP  21/32        AC  2     Str  8      XL: 4   Next: 31%
MP   4/8         EV 12     Int 17      God: Elyvilon [......]
Gold 69          SH  0     Dex 13      Spells:  3 memorised,  0 levels left

rFire  . . .     SeeInvis .     e - +0 blowgun
rCold  . . .     Clarity  .     a - +0 robe
rNeg   . . .     Conserve .     (no shield)
rPois  .         rCorr    .     (no helmet)
rElec  .         rRot     .     (no cloak)
SustAb . .       Spirit   .     (no gloves)
rMut   .         Warding  .     (no boots)
Saprov . . .     Stasis   .     (no amulet)
MR     .....                    (no ring)
                                (no ring)

@: not resistant to hostile enchantments, fairly stealthy
A: no striking features
a: Lesser Healing, Renounce Religion


You were on level 3 of the Dungeon.
You worshipped Elyvilon.
Elyvilon was noncommittal.
You were not hungry.

You visited 1 branch of the dungeon, and saw 3 of its levels.

You collected 69 gold pieces.

Inventory:

Hand weapons
 e - a +0 blowgun (weapon)
Missiles
 f - a poisoned needle (quivered)
 g - 25 exploding darts
Armour
 a - a +0 robe (worn)
Comestibles
 c - 2 bread rations
Scrolls
 i - a scroll of identify {unknown}
 j - a scroll of enchant weapon I {unknown}
 k - a scroll of remove curse {unknown}
Potions
 d - 2 potions of heal wounds {unknown}
 h - 3 potions of curing {unknown}
Books
 b - a book of Frost

   Spells                             Type                      Level
   *Freeze                            Ice                          1
   Throw Frost                        Conjuration/Ice              2
   *Ozocubu's Armour                  Charms/Ice                   3
   Throw Icicle                       Conjuration/Ice              4
   Summon Ice Beast                   Ice/Summoning                4
   *Condensation Shield               Ice                          4


   Skills:
 + Level 1.5 Fighting
 + Level 1.2 Armour
 + Level 2.4 Dodging
 - Level 2.0 Stealth
 * Level 2.5 Spellcasting
   Level 1.0 Conjurations
 + Level 3.4 Ice Magic


You couldn't memorise any spells.
You knew the following spells:

 Your Spells              Type           Power        Failure   Level  Hunger
a - Freeze                Ice            ##..         4%          1    #......
b - Ozocubu's Armour      Chrm/Ice       #.........   30%         3    ###....
c - Condensation Shield   Ice            ##........   45%         4    #####..


Dungeon Overview and Level Annotations

Branches:
Dungeon (3/15)

Altars:
Elyvilon
Zin


Message History

You start memorising the spell.
You continue memorising.
You continue memorising. x2
You finish memorising.
This spell is quite dangerous to cast!
Memorise Condensation Shield, consuming 4 spell levels and leaving 0?
You start memorising the spell.
You continue memorising.
You continue memorising. x3
You finish memorising.
You see here a halberd.
Things that are here:
a jackal corpse x2
f - a poisoned needle A gnoll comes into view.
You see here a poisoned needle.
Unknown command.
Are you sure you want to abandon this character and quit the game? (Confirm with "yes".)
Okay, then.
Unknown command.
Unknown command.
Are you sure you want to abandon this character and quit the game? (Confirm with "yes".)

#..#.......##.# #.# #..#
#..#.##.#####.###.###.##
#.......# #.........#
#.....%.#####.##.##.###
####.....)..........#
#######%########## #.#
##.## #.@.# #...# #...#
#####...#####
###.....(.....###..
...................
.##...........###.#
#####.)g##### #...#


You could see a gnoll (wandering).

Vanquished Creatures
  Jessica (D:3)
  3 gnolls (D:3)
  A hobgoblin (D:2)
  6 jackals
  3 kobolds
  A bat (D:3)
  A giant newt (D:2)
  2 goblins
  3 rats (D:3)
21 creatures vanquished.

Notes
Turn   | Place    | Note
--------------------------------------------------------------
     0 | D:1      | EmikaRules, the Human Ice Elementalist, began the quest for the Orb.
     0 | D:1      | Reached XP level 1. HP: 13/13 MP: 3/3
   116 | D:2      | Reached XP level 2. HP: 15/20 MP: 0/4
   176 | D:2      | Found a glowing silver altar of Zin.
   262 | D:3      | Found a white marble altar of Elyvilon.
   279 | D:3      | Became a worshipper of Elyvilon the Healer
   340 | D:3      | Noticed Jessica
   344 | D:3      | Killed Jessica
   344 | D:3      | Reached skill level 1 in Fighting
   344 | D:3      | Reached skill level 1 in Armour
   344 | D:3      | Reached XP level 3. HP: 13/26 MP: 0/6
   508 | D:3      | Reached XP level 4. HP: 18/32 MP: 6/8
   519 | D:3      | Learned a level 3 spell: Ozocubu's Armour
   524 | D:3      | Learned a level 4 spell: Condensation Shield
   530 | D:3      | Quit the game

Action                   |  1- 3 |  4- 6 || total
-------------------------+-------+-------++-------
Melee: Unarmed           |     7 |       ||     7
 Fire: Blowgun           |    18 |       ||    18
 Cast: Freeze            |    19 |     4 ||    23
Invok: Lesser Healing    |     3 |       ||     3
